 Dungeon Crawl Stone Soup version 0.29.1-15-g9cfb28693d (webtiles) character file.

Game seed: 3945133056821369364

62 Heoruswealwe the Magician (level 3, -1/20 HPs)
             Began as a Deep Elf Earth Elementalist on Apr 6, 2023.
             Was a Follower of Okawaru.
             Slain by a hobgoblin (4 damage)
             ... on level 3 of the Dungeon.
             The game lasted 00:08:47 (1116 turns).

Heoruswealwe the Magician (DEEE)                    Turns: 1116, Time: 00:08:47

Health: -1/20      AC:  4    Str:  5    XL:     3   Next: 85%
Magic:  5/11       EV: 12    Int: 21    God:    Okawaru [*.....]
Gold:   54         SH:  0    Dex: 15    Spells: 8/11 levels left

rFire   . . .      SeeInvis .   (no weapon)
rCold   . . .      Faith    .   (no shield)
rNeg    . . .      Spirit   .   a - +1 robe
rPois   .          Reflect  .   (no helmet)
rElec   .          Harm     .   (no cloak)
rCorr   .          Rampage  .   e - +0 pair of gloves
Will    .....                   (no boots)
Stlth   ++........              (no amulet)
HPRegen 0.06/turn               (no ring)
MPRegen 0.12/turn               (no ring)

@: no status effects
A: fangs 1, robust 1, MP-powered wands
a: Renounce Religion, Heroism


You were on level 3 of the Dungeon.
You worshipped Okawaru.
Okawaru was aware of your devotion.
You visited 1 branch of the dungeon, and saw 3 of its levels.

You collected 54 gold pieces.

Inventory:

Armour
 a - a +1 robe (worn)
 e - a +0 pair of gloves (worn)
Scrolls
 c - a scroll of identify
 d - a scroll of magic mapping
 g - 2 scrolls of teleportation
 j - a scroll of amnesia
Potions
 b - 2 potions of magic


   Skills:
 - Level 2.4 Dodging
 - Level 2.4 Stealth
 + Level 4.6 Spellcasting
 - Level 1.1 Transmutations
 + Level 4.4 Earth Magic


You had 8 spell levels left.
You knew the following spells:

 Your Spells              Type           Power      Damage    Failure   Level
a - Sandblast             Erth           46%        2d11      1%          1
z - Passwall              Tmut/Erth      13%        N/A       5%          2

Your spell library contained the following spells:

 Spells                   Type           Power      Damage    Failure   Level
 Stone Arrow              Conj/Erth      28%        3d8       14%         3
 Petrify                  Tmut/Erth      16%        N/A       36%         4
 Borgnjor's Revivificati  Necr           2%         N/A       100%        8
 Necromutation            Tmut/Necr      3%         N/A       100%        8
 Death's Door             Necr           2%         N/A       100%        9


Dungeon Overview and Level Annotations

Branches:
Dungeon (3/15)

Altars:
Okawaru
The Shining One


Innate Abilities, Weirdness & Mutations

You have very sharp teeth.
You are robust. (+10% HP)
You expend magic power (3 MP) to strengthen your wands.


Message History

The blast of sand hits the orc.
The orc is heavily wounded.
The jackal bites you. The jackal barely misses you.
The orc completely misses you. The jackal misses you. The jackal bites you.
The orc hits you with a +2 vorpal war axe.
The blast of sand hits the orc!
You kill the orc!
Okawaru accepts your kill. The jackal misses you.
The jackal closely misses you. The hobgoblin closely misses you.
The jackal bites you.
The jackal bites you but does no damage.
The jackal closely misses you.
You are too injured to fight recklessly!
Casting: Sandblast (safe; 1% risk of failure)
Confirm with . or Enter, or press ? or * to list all spells.
Aiming: Sandblast (safe; 1% risk of failure)
Press: ? - help, Shift-Dir - straight line, f - jackal
Aim: a jackal (79% to hit)
The blast of sand hits the jackal.
The jackal is severely wounded.
The jackal bites you but does no damage.
The jackal closely misses you.
The jackal bites you but does no damage.
The hobgoblin hits you.
The jackal bites you but does no damage.
The jackal barely misses you. x2; The hobgoblin hits you.
* * * LOW HITPOINT WARNING * * *
Casting: Sandblast (safe; 1% risk of failure)
Confirm with . or Enter, or press ? or * to list all spells.
Aiming: Sandblast (safe; 1% risk of failure)
Press: ? - help, Shift-Dir - straight line, f/p - jackal
Aim: a jackal (severely wounded, 79% to hit)
The blast of sand hits the jackal!!
You kill the jackal!
Okawaru accepts your kill. The jackal bites you.
* * * LOW HITPOINT WARNING * * *
The jackal completely misses you. The jackal closely misses you.
The jackal misses you. The hobgoblin hits you.
You die...

##.............
...............
#.............
#.........$...
#.......!>....
#.............
#.....hh......
#....)@g..)...
#....[........
#.............
#...†).:......
#.............
#.............
##############


You could see 2 jackals and a hobgoblin.

Vanquished Creatures
  A gnoll (D:1)
  2 adders (D:2)
  A dart slug (D:1)
  An orc (D:3)
  3 endoplasms
  3 giant cockroaches
  2 goblins (D:1)
  3 hobgoblins
  4 jackals
  A quokka (D:1)
  2 ball pythons
  A bat (D:3)
  2 frilled lizards
  4 kobolds
30 creatures vanquished.

Notes
Turn   | Place    | Note
-------+----------+-------------------------------------------
     0 | D:1      | Heoruswealwe the Deep Elf Earth Elementalist began the
                  | quest for the Orb.
     0 | D:1      | Reached XP level 1. HP: 10/10 MP: 6/6
   372 | D:1      | Reached XP level 2. HP: 6/15 MP: 4/8
   380 | D:1      | Learned a level 2 spell: Passwall
   469 | D:1      | Found a faded altar of an unknown god.
   520 | D:1      | Prayed at the altar of an unknown god.
   520 | D:1      | Became a worshipper of Warmaster Okawaru
   520 | D:1      | Reached * piety under Okawaru
   720 | D:1      | Reached XP level 3. HP: 19/19 MP: 8/10
   785 | D:1      | Gained mutation: You are robust. (+10% HP) [potion of
                  | mutation]
   785 | D:1      | Gained mutation: You expend magic power (3 MP) to
                  | strengthen your wands. [potion of mutation]
   785 | D:1      | Gained mutation: You have very sharp teeth. [potion of
                  | mutation]
   817 | D:2      | Found a glowing golden altar of the Shining One.
  1116 | D:3      | Slain by a hobgoblin

Illustrated notes

Levels and vault maps discovered:
D:1:      lightli_arrival_farm, layout_loops_ring, basic_ecumenical_altar
D:2:      layout_rooms, basic_altar
D:3:      layout_basic, mainiacjoe_overflow_small_starburst

Skill      XL: |  1  2 |
---------------+-------+-----
Spellcasting   | 4 |  4.6
Earth Magic    | 4 |  4.4
Dodging        | |  2.4
Stealth        | |  2.4
Transmutations | |  1.1

Action                   || total
-------------------------++-------
 Cast: Sandblast         ||    47
  Use: Scroll            ||     5
       Potion            ||     3
Armor: Robe              ||     7
Dodge: Dodged            ||    29
